 Dungeon Crawl Stone Soup version 0.30-a0-696-g2367cd04db (webtiles) character file.

Game seed: 7849207124444227109

4 wormed the Charlatan (level 1, -1/15 HPs)
             Began as a Demonspawn Artificer on Jan 20, 2023.
             Slain by a jackal (3 damage)
             ... on level 1 of the Dungeon.
             The game lasted 00:00:17 (65 turns).

wormed the Charlatan (Demonspawn Artificer)           Turns: 65, Time: 00:00:18

Health: -1/15      AC:  3    Str: 12    XL:     1   Next: 50%
Magic:  1/1        EV: 11    Int: 12    God:
Gold:   13         SH:  0    Dex: 13    Spells: 0/0 levels left

rFire   . . .      SeeInvis .    g - +0 great sword
rCold   . . .      Faith    .    (shield currently unavailable)
rNeg    . . .      Spirit   .    b - +0 leather armour
rPois   .          Reflect  .    (no helmet)
rElec   .          Harm     .    (no cloak)
rCorr   .          Rampage  .    (no gloves)
Will    .....                    (no boots)
Stlth   +                        (no amulet)
HPRegen 0.22/turn                (no ring)
MPRegen 0.07/turn                (no ring)

@: no status effects
A: no striking features
a: no special abilities


You were on level 1 of the Dungeon.
You visited 1 branch of the dungeon, and saw 1 of its levels.

You collected 13 gold pieces.

Inventory:

Hand Weapons
 a - a +0 club
 g - a +0 great sword (weapon)
Armour
 b - a +0 leather armour (worn)
Wands
 c - a wand of flame (15) (quivered)
 d - a wand of charming (15)
 e - a wand of iceblast (5)
Potions
 f - a potion of curing {unknown}


   Skills:
 + Level 1.1 Fighting
 - Level 1.7 Armour
 + Level 1.0 Dodging
 - Level 0.8 Stealth
 + Level 0.2 Spellcasting
 + Level 3.0 Evocations


You couldn't memorise any spells.
You didn't know any spells.
Your spell library was empty.

Dungeon Overview and Level Annotations

Branches:
Dungeon (1/15)

Altars:


Message History

The endoplasm barely misses you. The endoplasm misses you.
You hit the endoplasm.
You kill the endoplasm!
Your Dodging skill increases to level 1!
No target in view!
A jackal comes into view.
Found a stone staircase leading down.
You see here a +0 great sword.
g - a +0 great sword (weapon)
A jackal is nearby!
A jackal is nearby!
A jackal is nearby! 2 jackals come into view.
You hit the jackal.
The jackal is lightly wounded.
The jackal barks!
The jackal misses you. The jackal bites you.
You barely miss the jackal.
The jackal is lightly wounded.
The jackal barely misses you.
You barely miss the jackal. The jackal bites you. x2
The jackal closely misses you.
You slash the jackal!
You kill the jackal!
The jackal bites you. The jackal barely misses you. The jackal misses you.
You are too injured to fight recklessly!
The jackal attacks as you move away! The jackal misses you.
You closely miss the jackal. The jackal barely misses you.
The jackal closely misses you.
The jackal bites you but does no damage. x2
You barely miss the jackal. The jackal bites you.
The jackal bites you but does no damage. x2
The jackal bites you.
* * * LOW HITPOINT WARNING * * *
You hit the jackal.
The jackal is almost dead.
The jackal bites you.
* * * LOW HITPOINT WARNING * * *
The jackal bites you.
You die...

###.....##
#........##.#
#.##...$...#
#. ##...###.#
##.###...# .
.........#
##.###...#
#...###.>.
#@h.....#
#h#.###...
......†.#.# #
..........#
...##.###.#
.. .. .# ##.
## . #


You could see 2 jackals.

Vanquished Creatures
  2 endoplasms (D:1)
  A jackal (D:1)
3 creatures vanquished.

Notes
Turn   | Place    | Note
-------+----------+-------------------------------------------
     0 | D:1      | wormed the Demonspawn Artificer began the quest for the
                  | Orb.
     0 | D:1      | Reached XP level 1. HP: 15/15 MP: 1/1
    51 | D:1      | Reached skill level 1 in Dodging
    65 | D:1      | Slain by a jackal

Illustrated notes

Levels and vault maps discovered:
D:1:      dpeg_arrival_rooms_b, layout_loops_ring

Skill      XL: |  1 |
---------------+----+-----
Dodging        | 1 |  1.0
Fighting       | |  1.1
Armour         | |  1.7
Stealth        | |  0.8
Spellcasting   | |  0.2
Evocations     | |  3.0

Action                   || total
-------------------------++-------
Melee: Great sword       ||     7
       Club              ||     5
Armor: Leather armour    ||     4
Dodge: Dodged            ||    11

Table legend: (Time is in decaauts)
 A = Elapsed time spent in this place.
 B = Non-inter-level travel time spent in this place.
 C = Inter-level travel time spent in this place.
 D = Time resting spent in this place.
 E = Time spent auto-exploring this place.
 F = Levels seen in this place.
 G = Mean time per level.
                   A        B        C        D        E       F      G
               +--------+--------+--------+--------+--------+-----+--------+
         Total |     70 |     70 |      0 |      0 |     32 |   1 |   70.0 |
       Dungeon |     70 |     70 |      0 |      0 |     32 |   1 |   70.0 |
               +--------+--------+--------+--------+--------+-----+--------+

Top non-repeatable levels by time:
     D:1: 70 daAuts
